 Dungeon Crawl Stone Soup version 0.28.0-53-g5a82cb258f (webtiles) character file.

Game seed: 1225298223848268121

65 Revguard the Grave Robber (level 3, -7/26 HPs)
             Began as a Mummy Necromancer on Aug 25, 2022.
             Killed from afar by an orc wizard (15 damage)
             ... with a puff of flame
             ... on level 2 of the Dungeon.
             The game lasted 00:07:50 (2552 turns).

Revguard the Grave Robber (Mummy Necromancer)       Turns: 2552, Time: 00:07:50

Health: -7/26      AC:  2    Str: 11    XL:     3   Next: 92%
Magic:  0/7        EV: 12    Int: 16    God:
Gold:   42         SH:  0    Dex: 12    Spells: 0/8 levels left

rFire   x . .      SeeInvis .   d - +0 short sword
rCold   + . .      Faith    .   (no shield)
rNeg    + + +      Spirit   .   a - +0 robe
rPois   ∞          Reflect  .   (no helmet)
rElec   .          Harm     .   (no cloak)
rCorr   .          Rampage  .   (no gloves)
Will    .....                   (no boots)
Stlth   ++........              (no amulet)
HPRegen 0.08/turn               (no ring)
MPRegen 0.10/turn               (no ring)

@: no status effects
A: cold resistance 1, negative energy resistance 3, torment resistance 2, heat
vulnerability 1, no potions
a: no special abilities


You were on level 2 of the Dungeon.
You visited 1 branch of the dungeon, and saw 2 of its levels.

You collected 42 gold pieces.

Inventory:

Hand Weapons
 c - a +0 whip
 d - a +0 short sword (weapon)
Armour
 a - a +0 robe (worn)
Jewellery
 b - an amulet of magic regeneration
Scrolls
 e - a scroll of brand weapon {unknown}
 f - a scroll of noise {unknown}
 g - a scroll of identify {unknown}


   Skills:
 + Level 1.1 Fighting
 + Level 0.5 Short Blades
 - Level 0.4 Staves
 + Level 2.0 Dodging
 + Level 2.0 Stealth
 + Level 3.2 Spellcasting
 + Level 0.0 Hexes
 + Level 4.3 Necromancy


You couldn't memorise any spells.
You knew the following spells:

 Your Spells              Type           Power      Damage    Failure   Level
a - Pain                  Necr           64%        1d7       3%          1
b - Animate Skeleton      Necr           32%        N/A       3%          1
c - Vampiric Draining     Necr           16%        2d7       10%         3
d - Confusing Touch       Hex            2%         N/A       47%         3

Your spell library contained the following spells:

 Spells                   Type           Power      Damage    Failure   Level
 Slow                     Hex            8%         N/A       19%         1
 Animate Dead             Necr           8%         N/A       30%         4
 Gell's Gravitas          Tloc           2%         N/A       50%         3
 Teleport Other           Tloc           2%         N/A       50%         3
 Agony                    Necr           16%        N/A       65%         5
 Dispersal                Tloc           1%         N/A       100%        6


Dungeon Overview and Level Annotations

Branches:
Dungeon (2/15)

Altars:
Beogh

Shops:
D:1 [([


Innate Abilities, Weirdness & Mutations

You are immune to poison.
Your flesh is cold resistant. (rC+)
You are immune to negative energy. (rN+++)
You are immune to unholy pain and torment.
You are vulnerable to heat. (rF-)
You do not drink.


Message History

Aiming: Pain (safe; 3% risk of failure)
Press: ? - help, Q - select action, (/) - cycle Shift-Dir - straight line, f/p - orc
Aim: an orc, wielding a +0 hand axe (chance to affect: 86%)
The orc barely resists.
You see here a quokka skeleton.
The orc wizard mumbles some strange words.
The orc wizard flickers and vanishes!
You see here a hobgoblin skeleton.
Aiming: Pain (safe; 3% risk of failure)
Press: ? - help, Q - select action, (/) - cycle Shift-Dir - straight line, f/p - orc
Aim: an orc, wielding a +0 hand axe (chance to affect: 86%)
The orc barely resists.
Aiming: Pain (safe; 3% risk of failure)
Press: ? - help, Q - select action, (/) - cycle Shift-Dir - straight line, f/p - orc
Aim: an orc, wielding a +0 hand axe (chance to affect: 86%)
You miscast Pain.
You are very lightly contaminated with residual magic.
Nothing appears to happen.
The orc barely misses you.
Your magical contamination has completely faded away.
You barely miss the orc. The orc barely misses you.
You hit the orc.
The orc is heavily wounded.
The orc closely misses you.
Aiming: Pain (safe; 3% risk of failure)
Press: ? - help, Q - select action, (/) - cycle Shift-Dir - straight line, f/p - orc
Aim: an orc, wielding a +0 hand axe (heavily wounded, chance to affect: 86%)
The orc barely resists.
The orc misses you.
You barely miss the orc.
The orc is moderately wounded.
The orc barely misses you.
You barely miss the orc.
The orc is moderately wounded.
The orc hits you with a +0 hand axe.
You hear some strange, mumbled words.
A puff of flame appears from out of thin air!
The puff of flame hits you! The fire burns you terribly!
Ouch! That really hurt!
You die...

#..<..<.#
##<........#
#.##.#
#.......#
######....#
#.##.#
#.......#
#......###
#÷##{#
#########
#.###### #÷##.#
#.# #.#... #.#
#.#### #.# #.#
# #.# #.# #
#@###########.#
#..{o.......#.#
###########.#.#
#.#.# #.#.###
#.....# ###.#.#
#...# ###.#


You could see an orc.

Vanquished Creatures
  A gnoll (D:1)
  An adder (D:2)
  3 dart slugs
  An orc (D:2)
  3 bats
  2 endoplasms (D:2)
  2 giant cockroaches (D:1)
  A goblin (D:1)
  3 hobgoblins
  4 jackals (D:1)
  2 quokkas (D:2)
  3 ball pythons
  A frilled lizard (D:1)
  3 kobolds
  3 rats
33 creatures vanquished.

Vanquished Creatures (collateral kills)
  A dart slug (D:1)
  An endoplasm (D:2)
  2 ball pythons (D:2)
4 creatures vanquished.

Vanquished Creatures (others)
  A bat (D:2)
1 creature vanquished.

Grand Total: 38 creatures vanquished

Notes
Turn   | Place    | Note
-------+----------+-------------------------------------------
     0 | D:1      | Revguard the Mummy Necromancer began the quest for the Orb.
     0 | D:1      | Reached XP level 1. HP: 13/13 MP: 4/4
   214 | D:1      | Learned a level 1 spell: Animate Skeleton
   315 | D:1      | Reached XP level 2. HP: 5/20 MP: 0/5
   596 | D:1      | Found Inub's Armour Emporium.
   629 | D:1      | Found Donn's Antique Armour Shop.
   793 | D:1      | Found a faded altar of an unknown god.
   840 | D:1      | Found Xiurowne's Antique Weapon Shoppe.
  1334 | D:1      | Reached XP level 3. HP: 13/25 MP: 5/7
  1338 | D:1      | Learned a level 3 spell: Vampiric Draining
  1783 | D:2      | Reached skill level 1 in Fighting
  1873 | D:2      | Learned a level 3 spell: Confusing Touch
  2552 | D:2      | Killed from afar by an orc wizard

Illustrated notes

Levels and vault maps discovered:
D:1:      psy_arrival_radial02, layout_basic,
          hellmonk_ecumenical_altar_defaced_shrine, serial_shops,
          nicolae_shop_hallway_plus, shop, shop
D:2:      layout_basic, basic_altar, minmay_indecisive_spiral

Skill      XL: |  1  2  3 |
---------------+----------+-----
Spellcasting   | 3 |  3.2
Fighting       | 1 |  1.1
Dodging        | 2 |  2.0
Stealth        | 2 |  2.0
Short Blades   | |  0.5
Staves         | |  0.4
Necromancy     | |  4.3

Action                   || total
-------------------------++-------
Melee: Unarmed           ||     2
       Short sword       ||    72
       Whip              ||     9
       Punch             ||     5
 Cast: Pain              ||    45
       Animate Skeleton  ||     4
       Vampiric Draining ||     4
 Stab: Sleeping          ||     4
       Distracted        ||     1
Armor: Robe              ||    19
Dodge: Dodged            ||    69
